 Dungeon Crawl Stone Soup version 0.21-a0-471-gd587bd5 (webtiles) character file.

32 kae the Insei (level 3, -7/29 HPs)
             Began as a Draconian Transmuter on Nov 21, 2017.
             Mangled by a worm (11 damage)
             ... on level 2 of the Dungeon.
             The game lasted 00:01:18 (1981 turns).

kae the Insei (Draconian Transmuter)                Turns: 1981, Time: 00:01:18

Health: -7/29      AC:  5    Str: 12    XL:     3   Next: 10%
Magic:  6/6        EV: 12    Int: 13    God:
Gold:   50         SH:  0    Dex: 12    Spells: 5/6 levels left

rFire    . . .     SeeInvis .   d - +0 whip
rCold    . . .     Gourm    .   (no shield)
rNeg     . . .     Faith    .   (armour unavailable)
rPois    .         Spirit   .   (helmet restricted)
rElec    .         Reflect  .   (no cloak)
rCorr    .         Harm     .   (no gloves)
MR       .....                  (no boots)
Stlth    ++........             (no amulet)
HPRegen  0.09/turn              i - ring of stealth
MPRegen  0.10/turn              (no ring)

@: very slightly contaminated
A: unfitting armour, cold-blooded, AC +5
a: no special abilities


You were on level 2 of the Dungeon.
You were hungry.

You visited 1 branch of the dungeon, and saw 2 of its levels.

You collected 50 gold pieces.

Inventory:

Hand Weapons
 d - a +0 whip (weapon)
 g - a +0 club
Missiles
 a - 12 arrows
Jewellery
 i - a ring of stealth (left hand)
 n - a +5 ring of slaying {unknown}
Scrolls
 f - 2 scrolls of teleportation {unknown}
 h - a scroll of identify {unknown}
 l - a scroll of remove curse {unknown}
Potions
 e - 2 potions of curing {unknown}
 j - 2 potions of heal wounds {unknown}
 m - a potion of haste {unknown}
Books
 b - a book of Changes

   Spells                             Type                      Level
   a - Beastly Appendage              Transmutation                1
   b - Sticks to Snakes               Transmutation                2
   c - Spider Form                    Transmutation/Poison         3
   d - Ice Form                       Ice/Transmutation            4
   e - Blade Hands                    Transmutation                5
Comestibles
 c - a bread ration
 o - a royal jelly
 p - 4 fruits


   Skills:
 + Level 1.6 Fighting
 - Level 1.7 Dodging
 * Level 3.5 Unarmed Combat
 + Level 2.2 Spellcasting
 * Level 2.5 Transmutations


You had 5 spell levels left.
You knew the following spells:

 Your Spells              Type           Power        Failure   Level  Hunger
a - Beastly Appendage     Tmut           #.....       9%          1    ##.....


Dungeon Overview and Level Annotations

Branches:
Dungeon (2/15)

Altars:


Innate Abilities, Weirdness & Mutations

Your plain brown scales are hard. (AC +5)
You cannot fit into any form of body armour.
You are cold-blooded and may be slowed by cold attacks.


Message History

The worm is moderately wounded.
The worm bites you.
You hit the worm.
Your tail-slap misses the worm.
The worm is moderately wounded.
You hit the worm but do no damage.
The worm is moderately wounded.
The worm closely misses you.
You barely miss the worm.
The worm is moderately wounded.
The worm barely misses you.
You hit the worm but do no damage.
The worm is moderately wounded.
You hit the worm but do no damage. You tail-slap the worm.
The worm is heavily wounded.
The worm bites you!
* * * LOW HITPOINT WARNING * * *
You hit the worm.
The worm is severely wounded.
The worm bites you!
You die...

#..# #.# ###..# #.#
#....# #.# . #.#..##
##.## $.
#####.#...###...## .#
#
...#............##..#
#. #.#...###.........#
#.##...#.###....w..###
................@..#
..................##
.##.#.#.####.......#
##...#.# #.......#
##..#.#.# #.......#
.#....#.# ##.....##
...#.##.# ##...##
......#.# ##.##
...#..#.### #.


You could see a worm.

Vanquished Creatures
  A dart slug (D:1)
  A leopard gecko (D:1)
  3 giant cockroaches
  4 goblins
  A hobgoblin (D:1)
  A quokka (D:2)
  3 bats (D:1)
  5 frilled lizards (D:1)
  8 kobolds
  3 rats (D:1)
30 creatures vanquished.

Notes
Turn   | Place    | Note
-------+----------+-------------------------------------------
     0 | D:1      | kae the Draconian Transmuter began the quest for the Orb.
     0 | D:1      | Reached XP level 1. HP: 16/16 MP: 3/3
   359 | D:1      | Reached XP level 2. HP: 23/23 MP: 5/5
  1388 | D:2      | Reached XP level 3. HP: 12/28 MP: 6/6
  1665 | D:2      | HP: 1/29 [worm (4)]
  1981 | D:2      | Mangled by a worm

Vault maps used:
D:1:      minmay_arrival_statue_studded
D:2:      gammafunk_temple_overflow_claw, chequers_ecumenical_altar_grove

Action                   || total
-------------------------++-------
Melee: Whip              ||   125
       Tailslap          ||    13
       Unarmed           ||     3
       Kick              ||     1
       Headbutt          ||     1
       Punch             ||     1
 Cast: Beastly Appendage ||     9
 Stab: Sleeping          ||     2
  Eat: Chunk             ||     3
Armor: Skin              ||    35
Dodge: Dodged            ||    91

Table legend:
 A = Spawn XP
 B = Non-spawn XP
 C = Spawn XP percentage of total XP
 D = Spawn monster count
 E = Non-spawn monster count
 F = Spawn count percentage of total count
 G = Total turns spent on level
                    A         B        C        D         E        F      G
               +---------+---------+-------+---------+---------+-------+---------
         Total |       0 |      47 |   0.0 |       0 |      30 |   0.0 |  1981
               +---------+---------+-------+---------+---------+-------+---------
           D:1 |       0 |      38 |   0.0 |       0 |      25 |   0.0 |  1649
           D:2 |       0 |       9 |   0.0 |       0 |       5 |   0.0 |   332
               +---------+---------+-------+---------+---------+-------+---------
